 Dungeon Crawl Stone Soup version 0.31.0-11-ge490571c62 (webtiles) character file.

Game seed: 13024215098719180931

204634 Flugkiller the Warrior (level 17, -7/171 HPs)
             Began as a Minotaur Fighter on Jan 29, 2024.
             Was an Elder of Cheibriados.
             Hit by a silver javelin thrown by a merfolk javelineer (11 damage)
             ... on level 4 of the Shoals.
             The game lasted 00:16:26 (33137 turns).

Flugkiller the Warrior (Minotaur Fighter)          Turns: 33137, Time: 00:16:26

Health: -7/171     AC: 30    Str: 35    XL:     17   Next: 68%
Magic:  20/25      EV: 23    Int: 14    God:    Cheibriados [****..]
Gold:   2125       SH: 16    Dex: 22    Spells: 16/16 levels left

rFire   + . .        E - +4 broad axe
rCold   + + .        Q - +2 kite shield {rC+}
rNeg    . . .        y - +5 plate armour {ponderous}
rPois   +            B - +2 hat {SInv}
rElec   .            u - +0 cloak
rCorr   .            L - +1 pair of gloves of Grace {rC+ Will+}
SInv    +            J - +0 pair of boots {Stlth+}
Will    ++...        (no amulet) Stlth
                     v - +5 ring of evasion
HPRegen 0.48/turn    o - ring of poison resistance
MPRegen 0.19/turn

%: no passive effects
@: lit by a corona, glowing, very slow
A: horns 2, retaliatory headbutt, fire resistance 1
}: 1/15 runes: serpentine
a: Renounce Religion, Bend Time, Temporal Distortion, Slouch


You were on level 4 of the Shoals.
You worshipped Cheibriados.
Cheibriados was greatly pleased with you.
You visited 5 branches of the dungeon, and saw 30 of its levels.

You collected 2329 gold pieces.
You spent 204 gold pieces at shops.

Inventory:

Hand Weapons
 E - a +4 broad axe (weapon)
   (You took it off an orc warlord on level 12 of the Dungeon)
Missiles
 N - 6 throwing nets (quivered)
Armour
 u - a +0 cloak (worn)
   (You found it on level 8 of the Dungeon)
 y - a +5 plate armour of ponderousness (worn)
   (You took it off an orc warrior on level 2 of the Orcish Mines)
 B - a +2 hat of see invisible (worn)
   (You took it off Gastronok on level 8 of the Dungeon)
 J - a +0 pair of boots of stealth (worn)
   (You found it on level 5 of the Lair of Beasts)
 K - a +2 plate armour of poison resistance
   (You took it off an orc warrior on level 2 of the Orcish Mines)
 L - the +1 pair of gloves of Grace (worn) {rC+ Will+}
   (You found it on level 12 of the Dungeon)

   rC+:       It protects you from cold.
   Will+:     It increases your willpower.
 Q - a +2 kite shield of cold resistance (worn)
   (You took it off a tengu warrior on level 15 of the Dungeon)
Jewellery
 f - a ring of protection from fire
   (You found it on level 1 of the Lair of Beasts)
 o - a ring of poison resistance (right hand)
   (You found it on level 4 of the Dungeon)
 v - a +5 ring of evasion (left hand)
   (You found it on level 14 of the Dungeon)
 H - a +6 ring of strength
   (You found it on level 3 of the Shoals)
 S - a ring of positive energy
   (You found it on level 2 of the Snake Pit)
Wands
 g - a wand of digging (6)
   (You found it on level 7 of the Dungeon)
 i - a wand of mindburst (10)
   (You took it off a salamander on level 4 of the Snake Pit)
 D - a wand of charming (10)
   (You found it on level 1 of the Lair of Beasts)
 O - a wand of iceblast (17)
   (You took it off a kobold brigand on level 9 of the Dungeon)
 P - a wand of quicksilver (4)
   (You found it on level 14 of the Dungeon)
Scrolls
 b - 3 scrolls of vulnerability
 e - 8 scrolls of revelation
 p - 5 scrolls of fog
 r - 5 scrolls of identify
 s - a scroll of silence
 t - 6 scrolls of teleportation
 z - 2 scrolls of immolation
 G - a scroll of torment
 I - 4 scrolls of fear
 M - a scroll of summoning
Potions
 c - 3 potions of berserk rage
 d - 9 potions of might
 h - 5 potions of attraction
 j - a potion of magic
 k - 6 potions of brilliance
 l - a potion of cancellation
 n - a potion of resistance
 q - a potion of curing
 w - a potion of heal wounds
 x - a potion of lignification
 A - 2 potions of enlightenment
 C - 12 potions of ambrosia
 R - a potion of invisibility
Miscellaneous
 F - a lightning rod (4/4)
   (You found it on level 5 of the Lair of Beasts)


   Skills:
 + Level 20.5 Fighting
 - Level 18.0 Axes
 + Level 16.1 Armour
 + Level 13.9 Dodging
 + Level 12.9 Shields
 - Level 12.0 Invocations


You had 16 spell levels left.
You didn't know any spells.
Your spell library contained the following spells:

 Spells                   Type           Power      Damage    Failure   Level
 Magic Dart               Conj           0%         1d3       86%         1
 Necrotise                Necr           0%         1d4       86%         1
 Sting                    Conj/Alch      0%         1d3       86%         1
 Blink                    Tloc           0%         N/A       94%         2
 Call Imp                 Summ           0%         N/A       94%         2
 Ensorcelled Hibernation  Hex/Ice        0%         N/A       94%         2
 Mercury Vapours          Alch/Air       0%         N/A       94%         2
 Sublimation of Blood     Necr           0%         N/A       94%         2
 Fugue of the Fallen      Necr           0%         N/A       99%         3
 Ozocubu's Armour         Ice            0%         N/A       99%         3
 Passwall                 Erth           0%         N/A       99%         3
 Stone Arrow              Conj/Erth      0%         3d7       99%         3
 Swiftness                Air            0%         N/A       99%         3
 Tukima's Dance           Hex            0%         N/A       99%         3
 Vampiric Draining        Necr           0%         2d6       99%         3
 Anguish                  Hex/Necr       0%         N/A       100%        4
 Animate Armour           Summ/Erth      0%         N/A       100%        4
 Dimensional Bullseye     Hex/Tloc       0%         N/A       100%        4
 Ignite Poison            Fire/Alch      0%         N/A       100%        4
 Iskenderun's Mystic Bla  Conj/Tloc      0%         2d3       100%        4
 Leda's Liquefaction      Alch/Erth      0%         N/A       100%        4
 Manifold Assault         Tloc           0%         N/A       100%        4
 Martyr's Knell           Necr/Summ      0%         N/A       100%        4
 Olgreb's Toxic Radiance  Alch           0%         N/A       100%        4
 Petrify                  Alch/Erth      0%         N/A       100%        4
 Sticky Flame             Fire/Alch      0%         2d4       100%        4
 Summon Lightning Spire   Summ/Air       0%         N/A       100%        4
 Borgnjor's Vile Clutch   Necr/Erth      0%         N/A       100%        5
 Curse of Agony           Necr           0%         N/A       100%        5
 Irradiate                Conj/Alch      0%         3d11      100%        5
 Lee's Rapid Deconstruct  Erth           0%         3d4*      100%        5
 Summon Forest            Summ/Tloc      0%         N/A       100%        5
 Eringya's Noxious Bog    Alch           0%         4d6       100%        6
 Summon Hydra             Summ           0%         N/A       100%        7
 Ignition                 Fire           0%         3d3       100%        8


Dungeon Overview and Level Annotations

Branches:
Dungeon (15/15)            Temple (0/1) D:6            Lair (5/5) D:8
 Shoals (4/4) Lair:3        Snake (4/4) Lair:3        Slime (0/5) Lair:4
    Orc (2/2) D:10            Elf (0/3) Orc:2        Vaults (0/5) D:13
 Depths (0/4) D:15

Altars:
Cheibriados
Elyvilon
Gozag
Makhleb
Nemelex Xobeh
Okawaru
Qazlal
Ru
Trog
Uskayaw
Wu Jian
Xom
Jiyva

Shops:
D:1 [   D:5 :   D:6 (   Orc:2 =[*[(

Portals:
Trove: D:11 (give 6 scrolls of fear)

Annotations:
Lair:1 exclusion: oklob plant
Lair:5 1 runed translucent door, Adireryl's ghost, journeyman HOFi
Shoals:2 1 runed translucent door, Flugkiller's ghost, adept MiFi
Snake:3 6 transporters
Orc:2 1 runed translucent door, Daviar's ghost, journeyman DsFE


Innate Abilities, Weirdness & Mutations

You have a pair of horns on your head.
You reflexively headbutt those who attack you in melee.
Your flesh is heat resistant. (rF+)


Message History

You are too injured to fight recklessly!
You are too injured to fight recklessly!
You are too injured to fight recklessly!
You slash the merfolk javelineer! You headbutt the merfolk javelineer!
The merfolk javelineer is heavily wounded.
You slash the faun! You slash the merfolk aquamancer!
The merfolk hits you but does no damage.
The faun points at you and mumbles some strange words.
You resist with almost no effort.
The merfolk aquamancer hits you but does no damage.
The merfolk javelineer throws a silver javelin.
The silver javelin pierces through you. The silver sears you!
Okay, then.
Unknown command.
Unknown command.
Unknown command.
Unknown command.
Unknown command.
The merfolk aquamancer hits you but does no damage.
The merfolk javelineer completely misses you.
The faun gestures at you while chanting.
You resist with almost no effort.
Items here: ))) [ ††.
Unknown command.
Unknown command.
You barely miss the merfolk aquamancer.
Your headbutt misses the merfolk aquamancer.
The merfolk aquamancer is heavily wounded.
You slash the faun!
You block the merfolk javelineer's attack.
You block the merfolk aquamancer's attack.
The merfolk misses you.
You are too injured to fight recklessly!
You barely miss the merfolk aquamancer.
The merfolk aquamancer is heavily wounded.
You hit the faun.
You kill the faun!
Cheibriados appreciates the change of pace.
You block the merfolk javelineer's attack.
You block the merfolk's attack.
The merfolk javelineer throws a silver javelin.
The silver javelin pierces through you but does no damage.
The silver sears you!
The merfolk aquamancer completely misses you.
The merfolk hits you with a +0 trident!
* * * LOW HITPOINT WARNING * * *
The merfolk javelineer throws a silver javelin.
The silver javelin closely misses you.
The merfolk aquamancer completely misses you.
You furiously retaliate!
You headbutt the merfolk aquamancer.
You can feel time thicken for a moment.
Cheibriados lowers the support of your attributes as your movement quickens.
You block the merfolk's attack.
The merfolk javelineer throws a silver javelin.
The silver javelin pierces through you!
* * * LOW HITPOINT WARNING * * *
The silver sears you!
* * * LOW HITPOINT WARNING * * *
The merfolk aquamancer gestures wildly while chanting.
The merfolk aquamancer blinks!
You are too injured to fight recklessly!
You are too injured to fight recklessly!
You are too injured to fight recklessly!
You closely miss the merfolk javelineer.
Your headbutt misses the merfolk javelineer.
The merfolk javelineer is severely wounded.
You completely miss the merfolk. You block the merfolk's attack.
The merfolk javelineer throws a silver javelin.
The silver javelin closely misses you.
You slice the water nymph!!
You kill the water nymph!
Cheibriados appreciates the change of pace.
You slash the merfolk! You slash the merfolk javelineer!
The merfolk hits you but does no damage.
You block the merfolk's attack.
You open the merfolk like a pillowcase!!!
You kill the merfolk!
Cheibriados appreciates the change of pace.
You hit the water elemental. You slash the merfolk javelineer!
The merfolk aquamancer casts a spell at you.
You block the shard of ice.
The merfolk javelineer throws a silver javelin.
The silver javelin pierces through you!
* * * LOW HITPOINT WARNING * * *
The silver sears you!
* * * LOW HITPOINT WARNING * * *
The silver javelin pierces through the merfolk aquamancer!
The merfolk aquamancer dies!
The water elemental completely misses you.
You furiously retaliate!
You headbutt the water elemental! You slash the merfolk javelineer!
The merfolk javelineer is almost dead.
You slice the water elemental!!
You destroy the water elemental!
Cheibriados appreciates the change of pace.
The merfolk hits you from afar with a +0 trident!
* * * LOW HITPOINT WARNING * * *
The merfolk javelineer throws a silver javelin.
The silver javelin pierces through you!
You die...

.♣))~_~.# ....~~~.# #~~~
........# ~~~. ..<..♣..#
~#~~~ ~~......# ~~~~#
#~......# ,.....
#~~~~...##########m.####
####~.........).)E......
#~.........))@m).....
#####################


You could see a merfolk javelineer, a merfolk and a water elemental.

Vanquished Creatures
  Bai Suzhen (Shoals:4)
  Polyphemus (Shoals:3)
  A storm dragon (Shoals:4)
  Aizul (Snake:3)
  Gastronok (D:8)
  14 nagarajas (Snake:4)
  A frost giant (D:12)
  An orc warlord (D:12)
  An ironbound thunderhulk (D:13)
  A vampire knight (D:12)
  Nessos (Lair:5)
  Snorg (D:13)
  8 merfolk javelineers
  8 merfolk impalers
  2 vault guards (D:13)
  5 hydras
  2 salamander tyrants (Snake:4)
  3 merfolk aquamancers (Shoals:4)
  3 ogre magi
  3 centaur warriors
  A death knight (D:12)
  3 anacondas
  13 two-headed ogres
  3 boulder beetles
  A catoblepas (Shoals:3)
  2 tengu warriors (D:15)
  8 death yaks
  7 naga warriors (Snake:4)
  4 orc high priests (Orc:2)
  2 satyrs (Shoals:4)
  5 shock serpents
  Urug (Lair:2)
  7 naga sharpshooters
  Sonja (Lair:2)
  5 skysharks
  A hell knight (D:15)
  A fire crab (Lair:5)
  3 skeletal warriors (D:15)
  3 naga ritualists
  8 sea snakes
  5 mana vipers
  A goliath frog (Lair:5)
  A lindwurm (Lair:5)
  A phantasmal warrior (D:12)
  8 harpies
  2 deep elf pyromancers
  A harpy (shapeshifter) (D:14)
  2 orc sorcerers (Orc:2)
  10 ugly things
  9 fauns
  3 salamanders
  6 manticores
  7 cyclopes
  2 merfolk sirens
  3 water nymphs
  2 guardian serpents (Snake:4)
  9 elephants
  12 naga magi
  14 black mambas
  2 torpor snails
  A rime drake (Lair:5)
  2 gargoyles
  15 cane toads
  11 komodo dragons
  3 unseen horrors
  A yaktaur (shapeshifter) (D:15)
  A yaktaur (D:12)
  5 kobold demonologists
  A queen bee (Lair:1)
  8 trolls
  2 harpy zombies (Shoals:2)
  19 merfolk
  3 tyrant leeches (Lair:5)
  A hornet (D:8)
  7 wind drakes
  3 polar bears
  30 blink frogs
  Grinder (D:3)
  Prince Ribbit (D:8)
  7 dream sheep
  6 slime creatures
  3 snapping turtles
  10 water elementals
  2 air elementals (Shoals:4)
  A shadow (D:11)
  7 wraiths
  2 wyverns
  A yak (shapeshifter) (D:15)
  57 yaks
  4 steam dragons
  4 basilisks
  A fire elemental (Lair:4)
  A warg (Orc:2)
  17 vampire mosquitoes
  17 nagas
  An acid dragon (D:10)
  11 water moccasins
  14 orc warriors
  3 swamp drakes (Lair:4)
  7 black bears
  2 sky beasts
  3 boggarts (D:15)
  7 ogres
  24 wolves
  5 phantoms
  11 centaurs
  7 kobold brigands
  16 bullfrogs
  A gnoll sergeant (D:8)
  5 scorpions
  9 wights
  41 killer bees
  A troll zombie (D:10)
  3 electric eels
  2 howler monkeys
  4 crimson imps (D:10)
  3 bombardier beetles
  2 hounds
  35 orc priests
  6 jellies
  4 iguanas
  3 sleepcaps (D:5)
  31 orc wizards
  4 hell rats (Lair:4)
  5 ogre zombies (D:10)
  Robin (D:3)
  13 gnolls
  9 adders
  A white imp (D:7)
  3 dart slugs
  10 ribbon worms
  54 orcs
  5 bats
  10 endoplasms
  4 giant cockroaches
  A goblin (shapeshifter) (D:14)
  16 goblins
  9 hobgoblins
  31 kobolds
  3 quokkas
  8 ball pythons
  2 frilled lizards
  4 gnoll skeletons (D:10)
  4 orc skeletons (D:10)
  11 orc zombies (D:10)
  2 rats
964 creatures vanquished.

Vanquished Creatures (others)
  2 merfolk aquamancers (Shoals:4)
  A dream sheep (Shoals:2)
  An orc priest (Orc:2)
  3 orcs (Orc:2)
7 creatures vanquished.

Grand Total: 971 creatures vanquished

Notes
Turn   | Place    | Note
-------+----------+-------------------------------------------
     0 | D:1      | Flugkiller the Minotaur Fighter began the quest for the
                  | Orb.
     0 | D:1      | Reached XP level 1. HP: 19/19 MP: 0/0
    15 | D:1      | Got the Quarto of the Lethal Caves
   130 | D:1      | Found Ygruziwi's Armour Boutique.
   417 | D:1      | Reached XP level 2. HP: 21/27 MP: 1/1
   545 | D:1      | Reached skill level 4 in Fighting
  1157 | D:2      | Reached XP level 3. HP: 21/33 MP: 2/2
  1475 | D:2      | Reached XP level 4. HP: 41/41 MP: 3/3
  2421 | D:3      | Reached skill level 5 in Fighting
  2421 | D:3      | Reached XP level 5. HP: 44/48 MP: 4/4
  2567 | D:3      | Found an ornate altar of the Wu Jian Council.
  2567 | D:3      | Found a sparkling altar of Nemelex Xobeh.
  2660 | D:3      | Noticed Grinder
  2672 | D:3      | Killed Grinder
  2673 | D:3      | Reached skill level 5 in Axes
  2673 | D:3      | Reached XP level 6. HP: 39/57 MP: 5/5
  2844 | D:3      | Reached skill level 6 in Fighting
  2992 | D:3      | Noticed Robin
  3005 | D:3      | Killed Robin
  3237 | D:3      | Reached skill level 5 in Armour
  3356 | D:3      | Identified the +8 halberd of Kumil {drain, rElec Will+}
  3564 | D:4      | Reached XP level 7. HP: 64/64 MP: 6/6
  3573 | D:4      | Reached skill level 5 in Shields
  4265 | D:4      | Found a snail-covered altar of Cheibriados.
  4275 | D:4      | Found a bloodstained altar of Trog.
  4283 | D:4      | Became a worshipper of Cheibriados the Contemplative
  4301 | D:5      | Entered Level 5 of the Dungeon
  4304 | D:5      | Reached skill level 7 in Fighting
  4540 | D:5      | Found Pirat's Self-Improvement Boutique.
  4618 | D:5      | Gained mutation: Your flesh is heat resistant. (rF+)
                  | [potion of mutation]
  4620 | D:5      | Reached skill level 15 in Axes
  4620 | D:5      | Reached XP level 8. HP: 73/73 MP: 7/7
  4858 | D:5      | Reached XP level 9. HP: 79/79 MP: 8/8
  5018 | D:5      | Reached skill level 1 in Invocations
  5361 | D:6      | Found Deto's Antique Weapon Boutique.
  5380 | D:6      | Reached * piety under Cheibriados
  5418 | D:6      | Identified the +1 dagger of the Inferno {heavy, ^Drain rF++
                  | SInv}
  5674 | D:6      | Found an iron altar of Okawaru.
  5809 | D:6      | You fall into a shaft and drop 2 floors!
  5851 | D:8      | Reached ** piety under Cheibriados
  5857 | D:8      | Reached skill level 8 in Fighting
  5862 | D:8      | Reached skill level 1 in Dodging
  6014 | D:8      | Found a staircase to the Lair.
  6014 | D:8      | Noticed an elephant
  6022 | D:8      | Killed an elephant
  6025 | D:8      | Reached XP level 10. HP: 53/90 MP: 10/10
  6319 | D:7      | Reached *** piety under Cheibriados
  6474 | D:6      | Found a sacrificial altar of Ru.
  6514 | D:6      | Found a staircase to the Ecumenical Temple.
  7032 | D:7      | Found a hide-covered altar of Uskayaw.
  7310 | D:7      | Found a burning altar of Makhleb.
  7885 | D:8      | Noticed Gastronok
  7892 | D:8      | Killed Gastronok
  7893 | D:8      | Reached skill level 9 in Fighting
  7961 | D:8      | Found a white marble altar of Elyvilon.
  8127 | D:8      | Noticed Prince Ribbit
  8131 | D:8      | Killed Prince Ribbit
  8793 | D:9      | Reached **** piety under Cheibriados
  8867 | D:9      | Reached XP level 11. HP: 99/99 MP: 12/12
  9091 | D:9      | Noticed a two-headed ogre
  9097 | D:9      | Killed a two-headed ogre
  9098 | D:9      | Reached skill level 10 in Fighting
  9533 | D:10     | Entered Level 10 of the Dungeon
  9547 | D:10     | Reached ***** piety under Cheibriados
  9619 | D:10     | Found a staircase to the Orcish Mines.
 10213 | D:10     | Noticed a two-headed ogre
 10215 | D:10     | Noticed a two-headed ogre
 10217 | D:10     | Killed a two-headed ogre
 10222 | D:10     | Killed a two-headed ogre
 10223 | D:10     | Reached skill level 11 in Fighting
 10223 | D:10     | Reached skill level 5 in Dodging
 10554 | D:10     | Found a stormy altar of Qazlal.
 10596 | D:10     | Found a shimmering altar of Xom.
 10944 | D:11     | Reached skill level 5 in Invocations
 11023 | D:11     | Noticed a two-headed ogre
 11028 | D:11     | Killed a two-headed ogre
 11030 | D:11     | Reached XP level 12. HP: 91/110 MP: 14/14
 11270 | D:11     | Noticed a boulder beetle
 11275 | D:11     | Killed a boulder beetle
 11430 | D:11     | Noticed a two-headed ogre
 11434 | D:11     | Killed a two-headed ogre
 11549 | D:11     | Found a portal to a secret trove of treasure.
 12256 | D:1      | Bought a +0 pair of boots for 54 gold pieces
 12422 | Lair:1   | Entered Level 1 of the Lair of Beasts
 12431 | Lair:1   | Reached skill level 12 in Fighting
 12672 | Lair:1   | Reached ****** piety under Cheibriados
 13362 | Lair:2   | Reached skill level 13 in Fighting
 13404 | Lair:2   | Noticed Urug
 13408 | Lair:2   | Killed Urug
 13426 | Lair:2   | Noticed Sonja
 13435 | Lair:2   | Killed Sonja
 13688 | Lair:2   | Reached skill level 10 in Armour
 13896 | Lair:2   | Reached XP level 13. HP: 119/122 MP: 15/17
 14700 | Lair:3   | Found a staircase to the Snake Pit.
 14830 | Lair:3   | Reached skill level 14 in Fighting
 15568 | Lair:3   | Found a staircase to the Shoals.
 16388 | Lair:4   | Found a viscous altar of Jiyva.
 16391 | Lair:4   | Reached skill level 15 in Fighting
 16439 | Lair:4   | Found a staircase to the Slime Pits.
 17158 | Lair:5   | Entered Level 5 of the Lair of Beasts
 17530 | Lair:5   | Reached XP level 14. HP: 117/135 MP: 19/19
 17671 | Lair:5   | Noticed Nessos
 17675 | Lair:5   | Killed Nessos
 18151 | Lair:5   | Reached skill level 16 in Fighting
 18446 | Lair:5   | Identified the +1 chain mail of Daisies {-Tele rN+ Int+4}
 18463 | Lair:5   | Identified the +3 ring mail of Spite {Rampage rF+ rC+
                  | Will+}
 18736 | Lair:5   | Found a runed translucent door.
 18737 | Lair:5   | Found a shimmering altar of Xom.
 18737 | Lair:5   | Noticed Adireryl's ghost (journeyman HOFi)
 18737 | Lair:5   | Identified the +1 morningstar of Intense Integrity {chaos,
                  | +Blink rPois}
 19475 | Orc:1    | Entered Level 1 of the Orcish Mines
 19662 | Orc:2    | Entered Level 2 of the Orcish Mines
 19696 | Orc:2    | Reached skill level 10 in Dodging
 19944 | Orc:2    | Found a staircase to the Elven Halls.
 20324 | Orc:2    | Found a runed translucent door.
 20330 | Orc:2    | Noticed Daviar's ghost (journeyman DsFE)
 20447 | Orc:2    | Reached skill level 17 in Fighting
 20490 | Orc:2    | Found Kaghaipto's Armour Boutique.
 20490 | Orc:2    | Found Qijisu's Armour Shop.
 20491 | Orc:2    | Found Alufyego's General Store.
 20495 | Orc:2    | Found Zamumuv's Jewellery Boutique.
 20500 | Orc:2    | Bought a scroll of blinking for 90 gold pieces
 20500 | Orc:2    | Bought a potion of heal wounds for 60 gold pieces
 20516 | Orc:2    | Found Leusedow's Weapon Shop.
 21507 | D:12     | Identified the +1 pair of gloves of Grace {rC+ Will+}
 21626 | D:12     | Found an iron altar of Okawaru.
 22167 | D:12     | Noticed a vampire knight
 22172 | D:12     | Killed a vampire knight
 22306 | D:12     | Noticed an orc warlord
 22564 | D:12     | Reached XP level 15. HP: 147/147 MP: 21/21
 22759 | D:12     | Noticed a frost giant
 23142 | D:12     | Killed a frost giant
 23597 | D:13     | Noticed Snorg
 23608 | D:13     | Killed Snorg
 23609 | D:13     | Reached skill level 10 in Invocations
 24320 | D:13     | Reached skill level 18 in Fighting
 24341 | D:13     | Found a gate to the Vaults.
 25724 | D:15     | Entered Level 15 of the Dungeon
 25728 | D:15     | Identified the +2 leather armour of Pleasant Breezes {rF+
                  | rN+ Regen+ Str-5}
 25921 | D:15     | Found an opulent altar of Gozag.
 26281 | D:15     | Reached skill level 19 in Fighting
 26552 | D:15     | Found a staircase to the Depths.
 26927 | Snake:1  | Entered Level 1 of the Snake Pit
 27182 | Snake:3  | Found a transporter.
 27342 | Snake:3  | Found a transporter.
 27345 | Snake:3  | Found a transporter.
 27354 | Snake:3  | Reached XP level 16. HP: 150/160 MP: 23/23
 27588 | Snake:3  | Found a transporter.
 27598 | Snake:3  | Found a transporter.
 27851 | Snake:3  | Identified the serpent talisman "Muiwn" {rF++ Int-2}
 27851 | Snake:3  | Noticed Aizul
 27861 | Snake:3  | Killed Aizul
 28009 | Snake:3  | Found a transporter.
 28170 | Snake:4  | Entered Level 4 of the Snake Pit
 28703 | Snake:4  | Reached skill level 10 in Shields
 30231 | Snake:4  | Got a serpentine rune of Zot
 30233 | Snake:4  | Got a jade gem with 0 turns to spare
 30626 | Shoals:1 | Entered Level 1 of the Shoals
 30686 | Shoals:1 | Reached skill level 15 in Armour
 30953 | Shoals:2 | Found a runed translucent door.
 30954 | Shoals:2 | Found a shimmering altar of Xom.
 30954 | Shoals:2 | Noticed Flugkiller's ghost (adept MiFi)
 30979 | Shoals:2 | Reached XP level 17. HP: 54/169 MP: 14/25
 31391 | Shoals:3 | Noticed Polyphemus
 31412 | Shoals:3 | Killed Polyphemus
 31858 | Shoals:4 | Entered Level 4 of the Shoals
 31910 | Shoals:4 | Paralysed by an air elemental for 1 turns
 31914 | Shoals:4 | Reached skill level 20 in Fighting
 31945 | Shoals:4 | Paralysed by an air elemental for 1 turns
 32675 | Shoals:4 | Noticed Bai Suzhen
 32688 | Shoals:4 | Killed Bai Suzhen
 33021 | Shoals:4 | Found a bloodstained altar of Trog.
 33137 | Shoals:4 | HP: 4/171 [merfolk/+0 trident[a merfolk aquamancer] (17)]
 33137 | Shoals:4 | Hit by a silver javelin thrown by a merfolk javelineer

Illustrated notes

Levels and vault maps discovered:
D:1:      zelgadis_glass_arrival_small, layout_basic, serial_shops,
          nicolae_shop_behind_doors
D:2:      layout_loops_ring, kennysheep_generic_room_15
D:3:      minmay_octagon_keep, layout_basic, nicolae_overflow_two_pavilions,
          minmay_stone_trees_small, uniq_grinder, uniq_robin
D:4:      layout_basic, jmf_multi_god_temple2
D:5:      layout_loops_ring, blue_anna_alchemist, nicolae_shop_self_help
D:6:      layout_rooms, mainiacjoe_overflow_catwalk, nicolae_ru_path_of_blood,
          minmay_temple_entry_nine_rooms, serial_shops, shop,
          grunt_decor_resistance, minmay_misc_feat_four_crosses
D:7:      layout_loops_ring, makhleb_heckhound_becter,
          eat_drink_and_be_merry_uskayaw, minmay_misc_feat_secret_circle
D:8:      layout_loops_corners, elyvilon_altar_3, david_lair_generic,
          uniq_gastronok, uniq_prince_ribbit1
D:9:      layout_grid_maze, david_defended_altar_orc
D:10:     layout_irregular_city, led_xom_imps, nicolae_qazlal_style_of_elements,
          zombieorc1_lemuel
D:11:     layout_basic, nicolae_trove_entry_crossroad, serial_curves,
          eino_curves_03, eino_curves_04
D:12:     thingy_vault, layout_loops_ring, serial_library_hellmonk_big_corner,
          chequers_serial_rivers_micro_d, kennysheep_okawaru_gauntlet
D:13:     nicolae_cairo_tiling, layout_loops_ring, hellmonk_vaults_keyhole,
          hangedman_decor_slide_cut, minivault_23, uniq_snorg
D:14:     layout_basic, small_statue_intersection
D:15:     hangedman_depths_entry_civil_slaughter, layout_cave_pools,
          grunt_gozag_statues, chequers_avenue
Lair:1:   minmay_lair_oklob_tunnel, layout_cave_shapes, special_room
          [special_room_bee], grunt_megastairs_4
Lair:2:   statuecave_lemuel, layout_concentric_octagons, uniq_sonja, uniq_urug
Lair:3:   layout_regular_city, elwin_shoals_entry_stream,
          guppyfry_snake_entry_garden
Lair:4:   layout_gridlike, nicolae_slime_entry_field_trip, guppyfry_lair_drakes
Lair:5:   minmay_lair_end_frog_pond, layout_long_grid, ebering_ghost_xom,
          chequers_serial_rivers_micro_b, chequers_serial_rivers_micro_a,
          uniq_nessos
Shoals:1: layout_shoals, nicolae_shoals_so_close
Shoals:2: layout_shoals, ebering_ghost_xom, nicolae_shoals_undead_eyrie
Shoals:3: layout_shoals, uniq_polyphemus
Shoals:4: shoals_end_hellmonk_storm_palace [storm_palace_center_circular,
          storm_palace_corner_altar, storm_palace_corner_pillars,
          storm_palace_corner_blocked, storm_palace_corner_grid],
          uniq_bai_suzhen
Snake:1:  layout_layer_cave, serial_bayou_crossing, grunt_megastairs_3
Snake:2:  layout_gridlike, serial_shops, nicolae_shop_behind_doors,
          serial_bayou_shore_b, lemuel_fruit_tree
Snake:3:  layout_misc_corridors, serial_nicolae_subway,
          nicolae_sub_station_metal, nicolae_sub_station_crystal,
          nicolae_sub_station_stone, nicolae_integral_box, uniq_aizul
Snake:4:  grunt_snake_rune_spirals, layout_onion, grunt_ministairs_5,
          nicolae_snake_squiggles
Orc:1:    layout_caves, nicolae_orc_damp_corner
Orc:2:    st_orc_mages, layout_caves, serial_shops, shop,
          ebering_ghost_reflecting_pool

Skill      XL: |  1  2  3  4  5  6  7  8  9 10 11 12 13 14 15 16 17 |
---------------+----------------------------------------------------+-----
Fighting       | 4 5 6 7 8 9 11 13 15 17 19 20 | 20.5
Axes           | 3 4 5 15 16 17 18 | 18.0
Armour         | 4 5 6 7 8 10 11 12 14 15 16 | 16.1
Shields        | 4 5 6 11 12 | 12.9
Invocations    | 2 3 5 6 8 9 11 12 | 12.0
Dodging        | 1 3 5 7 9 10 11 12 13 | 13.9

Action                     |  1- 3 |  4- 6 |  7- 9 | 10-12 | 13-15 | 16-18 || total
---------------------------+-------+-------+-------+-------+-------+-------++-------
  Melee: War axe           |    62 |    98 |   191 |       |       |       ||   351
         Headbutt          |    10 |    14 |    44 |    64 |   172 |   153 ||   457
         Battleaxe         |       |       |     6 |   350 |   639 |       ||   995
         Broad axe         |       |       |       |       |    35 |   562 ||   597
 Invoke: Slouch            |       |       |       |     1 |     6 |    15 ||    22
         Step From Time    |       |       |       |       |       |     1 ||     1
         Temporal Distorti |       |       |       |       |       |     1 ||     1
    Use: Scroll            |       |     1 |     6 |     8 |    12 |     3 ||    30
         Potion            |       |       |     9 |     1 |     1 |     7 ||    18
   Stab: Petrified         |       |       |       |       |       |    13 ||    13
 Armour: Scale mail        |    45 |    32 |       |       |       |       ||    77
         Chain mail        |       |    29 |   154 |    19 |       |       ||   202
         Plate armour      |       |       |       |   301 |   667 |   454 ||  1422
  Dodge: Dodged            |    31 |    43 |    79 |   246 |   784 |   573 ||  1756
  Block: Buckler           |    12 |    32 |    39 |       |       |       ||    83
         Kite shield       |       |       |       |       |    36 |   659 ||   695
